AoeStats
← jorge_luis_sh

Nomad

510944373Analyzed
2v2 RM · 6h ago on Oct 3, 2026· 53m 41s· 4 players
Game mode
Random Map
Map size
176×176
Population
200
Speed
Normal
Resources
Standard
Victory
Conquest
Starting age
Dark Age
Ending age
Imperial Age
RankedLock teamsTeams togetherTeam positionsShared explorationLock speedFull tech treeHidden civsTurbo modeCheats
Victory
Defeat
🇷🇺 Bohemians · Russia
891
+18
🇷🇺 Britons · Russia
879
+19
🇲🇽 Lithuanians · Mexico
964
-19
🇨🇳 Chinese · China
924
-18
jorge_luis_sh
3:10 Loom
17:12 Feudal Age
18:53 Wheelbarrow
18:05 Double-Bit Axe
18:25 Fishing Lines
22:40 Castle Age
20:57 Bloodlines
20:42 Town Watch
21:27 Forging
21:23 Scale Barding Armor
21:53 Fletching
21:58 Gold Mining
21:59 Stone Mining
22:02 Arson
22:54 Light Cavalry
24:47 Iron Casting
24:29 Hand Cart
24:47 Husbandry
25:58 Bow Saw
26:54 Gillnets
27:06 Town Patrol
28:02 Fervor
28:50 Bodkin Arrow
30:46 Hill Forts
33:55 Chain Barding Armor
35:51 Scale Mail Armor
38:05 Horse Collar
40:08 Heavy Plow
40:22 Heated Shot
42:05 Treadmill Crane
42:36 Masonry
42:46 Padded Archer Armor
43:28 Medium Warships
46:35 Imperial Age
45:18 Ballistics
44:35 Pikeman
45:15 Squires
44:38 Elite Skirmisher
46:55 Chain Mail Armor
47:17 Tower Shields
47:40 Conscription
47:28 Thumb Ring
48:36 Chemistry
49:07 Two-Man Saw
48:47 Bracer
48:44 Halberdier
52:05 Elite Leitis
cjf_1
14:56 Feudal Age
16:03 Double-Bit Axe
16:46 Man-at-Arms
23:32 Horse Collar
30:30 Castle Age
28:42 Stone Mining
29:02 Fletching
30:21 Forging
31:26 Bodkin Arrow
36:02 Bow Saw
37:21 Pikeman
39:41 Wheelbarrow
41:22 Gold Mining
52:23 Imperial Age
49:58 Long Swordsman
51:54 Squires
p_imajigrun_r
3:21 Loom
16:13 Feudal Age
17:51 Wheelbarrow
17:40 Man-at-Arms
18:46 Fishing Lines
19:48 Town Watch
20:08 Fletching
20:57 Padded Archer Armor
21:17 Double-Bit Axe
27:18 Castle Age
27:31 Crossbowman
28:09 Bodkin Arrow
30:10 Hand Cart
31:43 Leather Archer Armor
33:20 Squires
33:25 Scale Mail Armor
35:07 Bow Saw
37:46 Pikeman
49:50 Light Cavalry
RoMaryDi
5:28 Loom
17:16 Feudal Age
20:23 Wheelbarrow
19:33 Town Watch
23:47 Fletching
26:57 Castle Age
26:31 Padded Archer Armor
26:42 Forging
27:09 Crossbowman
31:33 Double-Bit Axe
32:12 Medium Warships
36:11 Imperial Age
34:22 Pikeman
39:44 Bow Saw
41:14 Fishing Lines
43:26 Horse Collar
44:41 Ballistics
44:20 Murder Holes
47:05 Halberdier
50:26 Heavy Warships
50:32 Heavy Warships
50:52 Hand Cart
50:38 Town Patrol
51:38 Bodkin Arrow
52:19 Iron Casting
51:44 Scale Mail Armor
52:00 Leather Archer Armor
51:24 Man-at-Arms
53:57 Chemistry
53:34 Hussite Reforms
Connection lost

Rejoining the realm…

Still unreachable

The connection could not be restored.

Session expired

The server has moved on; the page needs a fresh start.